 Dungeon Crawl Stone Soup version 0.28-a0-802-g09f76e8c00 (webtiles) character file.

Game seed: 13769357516441264521

0 spiderkeys the Ducker (level 1, -17/13 HPs)
             Began as a Deep Elf Abyssal Knight on Nov 7, 2021.
             Was a Follower of Lugonu.
             Killed from afar by a wretched star (30 damage)
             ... with a lance of force
             ... on level 4 of the Abyss.
             The game lasted 00:00:46 (144 turns).

spiderkeys the Ducker (Deep Elf Abyssal Knight)      Turns: 144, Time: 00:00:46

Health: -17/13     AC:  4    Str: 10    XL:     1   Next: 0%
Magic:  4/4        EV: 12    Int: 10    God:    Lugonu [*.....]
Gold:   58         SH:  0    Dex: 15    Spells: 0/0 levels left

rFire   . . .      SeeInvis .   a - +1 spear
rCold   . . .      Faith    .   (no shield)
rNeg    . . .      Spirit   .   b - +1 leather armour
rPois   .          Reflect  .   (no helmet)
rElec   .          Harm     .   (no cloak)
rCorr   .          Rampage  .   (no gloves)
Will    .....                   (no boots)
Stlth   +.........              (no amulet)
HPRegen 0.04/turn               (no ring)
MPRegen 0.09/turn               (no ring)

@: no status effects
A: [dopey 2], [inability to read while threatened]
a: Renounce Religion, Depart the Abyss


You were on level 4 of the Abyss.
You worshipped Lugonu.
Lugonu was aware of your devotion.
You visited 0 branches of the dungeon, and saw 0 of its levels.
You visited the Abyss 1 time.

You collected 58 gold pieces.


Innate Abilities, Weirdness & Mutations

[You are very dopey. (Int -4)]
[You sometimes lose the ability to read scrolls when taking damage.]


   Skills:
 + Level 2.4 Fighting
 + Level 1.3 Polearms
 + Level 0.7 Armour
 + Level 2.4 Dodging
 + Level 2.0 Invocations


You couldn't memorise any spells.
You didn't know any spells.
Your spell library was empty.

Inventory:

Hand Weapons
 a - a +1 spear (weapon)
Armour
 b - a +1 leather armour (worn)

Dungeon Overview and Level Annotations

Branches:
Dungeon (0/15)

Altars:

.. ###. . . #...#. # #.
####. ... .#
...##....#.# ...
###...#.#.##....
....#.......#...
#..X...@..#..#..
#...#.##........ #
##...#.#.#.#.
#..*.......
......#.Xw......##
.#....#.#...#.##... .
...... #..#...# .....#
........#.#..# ..... #
#.......#.#.#..........


You could see a tentacled starspawn, a wretched star, a large abomination and a
starspawn tentacle.


Message History

🤖 Initializing magus.rc ... ✅ Successfully initialized magus.rc [v1.9.10] Welcome, spiderkeys the Deep Elf Abyssal Knight.
Will you prevail where others failed? Will you find the Orb of Zot?
Lugonu says: Depart the Abyss and spread corruption, my servant! (use the ability menu to exit the Abyss) Press ? for a list of commands and other information.
Found a corrupted altar of Lugonu.
You now have 5 gold pieces.
Found a gateway leading deeper into the Abyss.
There is a gateway leading deeper into the Abyss here.
You now have 18 gold pieces (gained 13).
There is a gateway leading deeper into the Abyss here.
You plunge deeper into the Abyss.
c - a scroll labelled VIEJIMP BEAD
Found a gateway leading deeper into the Abyss.
You now have 58 gold pieces (gained 40).
A wretched star comes into view.
You see here a +0 dagger of draining.
A small abomination comes into view.
There is a gateway leading deeper into the Abyss here.
The small abomination barely misses you.
You plunge deeper into the Abyss.
The abyssal rune of Zot can be found at this depth.
Found a gateway leading deeper into the Abyss.
There is a gateway leading deeper into the Abyss here.
You enter the shallow water.
Moving in this stuff is going to be slow.
Found 14 stones.
Found a gateway leading deeper into the Abyss.
Found a gateway leading out of the Abyss.
You enter the shallow water.
Moving in this stuff is going to be slow.
Found a gateway leading out of the Abyss.
A tentacled starspawn comes into view.
A ynoxinul comes into view.
Tentacles burst from the starspawn's body! 2 starspawn tentacles come into view.
There is a gateway leading deeper into the Abyss here.
The ynoxinul bellows!
The ynoxinul gestures.
The starspawn tentacle grabs you.
You stop descending the stairs.
The starspawn tentacle constricts you. 😕 HP[-2]
You take 2 damage, and now have 11/13 hp.
You escape the starspawn tentacle's grasp.
You plunge deeper into the Abyss.
The abyssal rune of Zot can be found at this depth.
You enter the shallow water.
Moving in this stuff is going to be slow.
You enter the shallow water.
Moving in this stuff is going to be slow. 😕 HP[+1]
You enter the shallow water.
Moving in this stuff is going to be slow.
You enter the shallow water.
Moving in this stuff is going to be slow.
A wretched star comes into view.
You enter the shallow water.
Moving in this stuff is going to be slow.
A tentacled starspawn comes into view.
A large abomination comes into view.
The wretched star glows turbulently.
The lance of force misses you.
You see here a scroll labelled JEILIO BEELI.
As you read the scroll labelled JEILIO BEELI, it crumbles to dust.
It is a scroll of enchant armour.
Your +0 leather armour glows green for a moment.
The wretched star pulses with an eldritch light!
You feel stupid. x2
You lose the ability to read scrolls when threatened. 😎 HP[+1]
Your hp is fully restored (13).
As you read the scroll labelled VIEJIMP BEAD, it crumbles to dust.
You assume a fearsome visage.
The tentacled starspawn is unaffected.
The wretched star is unaffected.
The large abomination is unaffected.
It was a scroll of fear.
A tentacle flies out from the starspawn's body!
The wretched star glows turbulently.
The lance of force hits you!!
Ouch! That really hurt!
You die...

Action                   || total
-------------------------++-------
  Use: Scroll            ||     2
Dodge: Dodged            ||     2

Levels and vault maps discovered:
Abyss:4:  base: Temple, evilmike_nicolae_abyss_rune_betentacled_crabyss,
          bh_abyss_exit_choice

Notes
Turn   | Place    | Note
-------+----------+-------------------------------------------
     0 | Abyss:1  | spiderkeys the Deep Elf Abyssal Knight began the quest for
                  | the Orb.
     0 | Abyss:1  | Reached XP level 1. HP: 13/13 MP: 4/4
     0 | Abyss:1  | magus.rc [v1.9.10]
    78 | Abyss:2  | Noticed a wretched star
    82 | Abyss:2  | Noticed a small abomination
   113 | Abyss:3  | Noticed a tentacled starspawn
   115 | Abyss:3  | Noticed a ynoxinul
   127 | Abyss:4  | Noticed a wretched star
   136 | Abyss:4  | Noticed a tentacled starspawn
   141 | Abyss:4  | Noticed a large abomination
   144 | Abyss:4  | Killed from afar by a wretched star

Vanquished Creatures (others)
  3 starspawn tentacles
3 creatures vanquished.

Table legend:
 A = Non-vault XP
 B = Vault XP
 C = Vault XP percentage of total XP
 D = Non-vault monster count
 E = Vault monster count
 F = Vault count percentage of total count
                 A         B        C        D         E       F
            +---------+---------+-------+---------+---------+-------
      Total |       0 |       0 |   N/A |       0 |       0 |  -nan
            +---------+---------+-------+---------+---------+-------
            +---------+---------+-------+---------+---------+-------

Illustrated notes

Table legend: (Time is in decaauts)
 A = Elapsed time spent in this place.
 B = Non-inter-level travel time spent in this place.
 C = Inter-level travel time spent in this place.
 D = Time resting spent in this place.
 E = Time spent auto-exploring this place.
 F = Levels seen in this place.
 G = Mean time per level.
                   A        B        C        D        E       F      G
               +--------+--------+--------+--------+--------+-----+--------+
         Total |    150 |    150 |      0 |      0 |     40 |   4 |   37.5 |
         Abyss |    150 |    150 |      0 |      0 |     40 |   4 |   37.5 |
               +--------+--------+--------+--------+--------+-----+--------+

Top non-repeatable levels by time:
 Abyss:1: 56 daAuts
 Abyss:3: 35 daAuts
 Abyss:2: 29 daAuts
 Abyss:4: 29 daAuts
